 Dungeon Crawl Stone Soup version 0.25.1-2-g60ff931df9 (webtiles) character file.

Game seed: 11361642992298506366

220 Kold the Insei (level 5, 0/33 HPs)
             Began as an Octopode Transmuter on Aug 6, 2020.
             Slain by an ogre
             ... wielding a +0 giant club
              (33 damage)
             ... on level 2 of the Dungeon.
             The game lasted 00:02:22 (1888 turns).

Kold the Insei (Octopode Transmuter)                Turns: 1888, Time: 00:02:22

Health: 0/33       AC:  1    Str:  9    XL:     5   Next: 97%
Magic:  7/8        EV: 13    Int: 16    God:
Gold:   89         SH:  0    Dex: 13    Spells: 5/8 levels left

rFire    . . .     SeeInvis .     - Unarmed
rCold    . . .     Gourm    .   (no shield)
rNeg     . . .     Faith    .   (helmet restricted)
rPois    .         Spirit   .   (no amulet)
rElec    .         Reflect  .   (no ring)
rCorr    .         Harm     .   (no ring)
MR       .....                  (no ring)
Stlth    ++........             (no ring)
HPRegen  0.11/turn              (no ring)
MPRegen  0.11/turn              (no ring)
                                (no ring)
                                (no ring)

@: appendage
A: almost no armour, stealthy swim, amphibious, 8 rings, constrict 8, tentacle
spike 3, camouflage 1, gelatinous body 1
a: End Transformation


You were on level 2 of the Dungeon.
You were not hungry.
One of your tentacles had a temporary spike.
You visited 1 branch of the dungeon, and saw 3 of its levels.

You collected 89 gold pieces.

Inventory:

Missiles
 a - 12 arrows
Scrolls
 b - a scroll of fear {unknown}
 d - a scroll of teleportation {unknown}
 e - a scroll of enchant armour {unknown}
 g - a scroll of magic mapping {unknown}
 h - a scroll of identify {unknown}
 j - a scroll of random uselessness {unknown}
Potions
 f - a potion of invisibility
 i - a potion of heal wounds {unknown}
Comestibles
 c - a ration


   Skills:
 - Level 1.0 Fighting
 - Level 2.0 Dodging
 + Level 5.0 Unarmed Combat
 - Level 2.0 Spellcasting
 + Level 4.4 Transmutations


You had 5 spell levels left.
You knew the following spells:

 Your Spells              Type           Power        Failure   Level  Hunger
a - Beastly Appendage     Tmut           ###...       3%          1    #......
b - Sticks to Snakes      Tmut           ###.....     4%          2    ###....

Your spell library contained the following spells:

 Spells                   Type           Power        Failure   Level  Hunger
 Spider Form              Tmut/Pois      #.........   26%         3    ###....
 Ice Form                 Ice/Tmut       #.......     63%         4    #####..
 Blade Hands              Tmut           ###.......   67%         5    ######.


Dungeon Overview and Level Annotations

Branches:
Dungeon (3/15)

Altars:
Ashenzari

Annotations:
D:3 Jessica


Innate Abilities, Weirdness & Mutations

You cannot wear most types of armour.
You are very stealthy in the water. (Stealth+)
You are amphibious.
You can wear up to eight rings at the same time.
You can use your tentacles to constrict eight enemies at once.
Your skin changes colour to match your surroundings (Stealth+).
Your rubbery body absorbs attacks. (AC +1, EV +1)
One of your tentacles bears a large vicious spike.


Message History

You see here 2 stones.
j - a scroll labeled KEPTO RANGAYNA An ogre comes into view.
It is wielding a +0 giant club.
The ogre shouts!
Casting: Beastly Appendage (safe; 3% risk of failure)
Confirm with . or Enter, or press ? or * to list all spells.
One of your tentacles grows a vicious spike.
Firing (i - inventory) No suitable missiles.
Press: ? - help, Shift-Dir - straight line, f - ogre
Aim: an ogre, wielding a +0 giant club
Okay, then.
Memorise Sticks to Snakes, consuming 2 spell levels and leaving 5?
You start memorising the spell.
You continue memorising. x2
The ogre misses you.
You finish memorising.
Spell assigned to 'b'.
You barely miss the ogre.
You pierce the ogre.
The ogre is lightly wounded.
The ogre hits you with a +0 giant club!!
Ouch! That really hurt!
You die...

.#.........#
......P.........P
.#.........#
..#.)..P..........PP
#####.###+##
.#...P...#'#..P♣.♣♣
.####.#
....#P.P.#)#..♣P♣§P
......#
#....PP..###.PP..♣♣
#.....#
#######.....P.....†♣..♣♣
#.....#
#.........##.P.......♣♣
#.....#
#.......O.#PP.....P.♣♣
#.....###.#
#@##..P.P.....
#......##.#
#..##.♣...P...P
#.......#.#
##.##P.♣......♣.
#.....#...####
#..#PP.♣.♣......
#.....###....##
##.♣.♣P♣♣♣♣l.....
#.....# #.##..####.P♣ ♣#
#.....#
#.###....#..♣P.#.P
#.....# #.#
####.......... #.....
### ##...##....


You could see an ogre.

Vanquished Creatures
  Sigmund (D:2)
  A gnoll (D:2)
  3 adders (D:2)
  An ooze (D:1)
  4 leopard geckos
  A giant cockroach (D:3)
  3 goblins
  3 hobgoblins (D:1)
  2 kobolds
  A quokka (D:2)
  2 bats (D:1)
  2 rats (D:1)
24 creatures vanquished.

Notes
Turn   | Place    | Note
-------+----------+-------------------------------------------
     0 | D:1      | Kold the Octopode Transmuter began the quest for the Orb.
     0 | D:1      | Reached XP level 1. HP: 13/13 MP: 3/3
   247 | D:1      | Reached XP level 2. HP: 9/18 MP: 3/5
   907 | D:2      | Reached XP level 3. HP: 7/23 MP: 2/6
  1273 | D:2      | Noticed Sigmund
  1285 | D:2      | Killed Sigmund
  1285 | D:2      | Reached skill level 4 in Unarmed Combat
  1285 | D:2      | Reached XP level 4. HP: 14/28 MP: 5/7
  1285 | D:2      | Reached XP level 5. HP: 17/33 MP: 5/8
  1482 | D:2      | You fall into a shaft and drop 1 floor!
  1496 | D:3      | Found a shattered altar of Ashenzari.
  1501 | D:3      | Noticed Jessica
  1790 | D:2      | Reached skill level 5 in Unarmed Combat
  1881 | D:2      | Noticed an ogre
  1888 | D:2      | Learned a level 2 spell: Sticks to Snakes
  1888 | D:2      | Slain by an ogre

Illustrated notes

Levels and vault maps discovered:
D:1:      kennysheep_arrival_forest, layout_rooms
D:2:      wad_woods_settlement, layout_basic, uniq_terence, uniq_sigmund
D:3:      layout_rooms, grunt_temple_overflow_holy_war, first_ration,
          ashenzari_altar_1, uniq_jessica

Skill      XL: |  1  2  3  4  5 |
---------------+----------------+-----
Unarmed Combat | 4 5 |  5.0
Transmutations | 4 |  4.4
Fighting       | |  1.0
Dodging        | |  2.0
Spellcasting   | |  2.0

Action                   |  1- 3 |  4- 6 || total
-------------------------+-------+-------++-------
Melee: Unarmed           |    40 |    12 ||    52
       Kick              |    10 |     2 ||    12
       Constrict         |     9 |     4 ||    13
       Tentacles         |     4 |     1 ||     5
       Punch             |       |     1 ||     1
 Cast: Beastly Appendage |    10 |     5 ||    15
  Use: Potion            |     1 |       ||     1
 Stab: Sleeping          |     2 |     1 ||     3
  Eat: Ration            |       |     1 ||     1
       Chunk             |       |     1 ||     1
Armor: Skin              |     3 |       ||     3
Dodge: Dodged            |    34 |     4 ||    38
